 Dungeon Crawl Stone Soup version 0.31-a0-1626-g5cb510d322 (webtiles) character file.

Game seed: 8073003078659819839

1071 Ivernyr the Shield-Bearer (level 8, 0/64 HPs)
             Began as a Formicid Fighter on Jan 12, 2024.
             Killed from afar by a gargoyle (9 damage)
             ... with a stone arrow
             ... on level 6 of the Dungeon.
             The game lasted 00:07:38 (5193 turns).

Ivernyr the Shield-Bearer (Formicid Fighter)        Turns: 5193, Time: 00:07:39

Health: 0/64       AC: 12    Str: 23    XL:     8   Next: 53%
Magic:  8/8        EV:  9    Int:  8    God:
Gold:   247        SH:  6    Dex: 13    Spells: 7/7 levels left

rFire   . . .        a - +0 quarterstaff
rCold   . . .        c - +0 buckler
rNeg    . . .        b - +0 scale mail
rPois   .            (helmet unavailable)
rElec   .            (no cloak)
rCorr   .            (no gloves)
SInv    +            o - +0 pair of boots
Will    .....        (no amulet) Stlth
                     B - +4 ring of protection
HPRegen 0.30/turn    (no ring)
MPRegen 0.11/turn

%: no passive effects
@: no status effects
A: permanent stasis, dig shafts and tunnels, antennae 3, four strong arms
a: Dig, Shaft Self


You were on level 6 of the Dungeon.
You visited 1 branch of the dungeon, and saw 6 of its levels.

You collected 247 gold pieces.

Inventory:

Hand Weapons
 a - a +0 quarterstaff (weapon)
Missiles
 A - a throwing net
Armour
 b - a +0 scale mail (worn)
 c - a +0 buckler (worn)
 o - a +0 pair of boots (worn)
Jewellery
 B - a +4 ring of protection (left hand)
Wands
 n - a wand of mindburst (16)
 y - a wand of iceblast (7)
Scrolls
 g - a scroll of butterflies {unknown}
 i - 6 scrolls of identify {unknown}
 j - 5 scrolls of blinking {unknown}
 l - 2 scrolls of fear {unknown}
 m - a scroll of brand weapon {unknown}
 p - 2 scrolls of silence {unknown}
 q - a scroll of teleportation {unknown}
 s - 2 scrolls of vulnerability {unknown}
 t - a scroll of poison {unknown}
 v - 2 scrolls of revelation {unknown}
 w - a scroll of enchant armour {unknown}
Potions
 d - a potion of might
 e - 3 potions of heal wounds {unknown}
 f - 3 potions of lignification {unknown}
 h - a potion of berserk rage {unknown}
 k - a potion of cancellation {unknown}
 r - a potion of mutation {unknown}
 x - 2 potions of curing {unknown}
 z - a potion of enlightenment {unknown}


   Skills:
 + Level 6.0 Fighting
 + Level 5.1 Staves
 + Level 6.1 Armour
 + Level 7.3 Shields


You had 7 spell levels left.
You didn't know any spells.
Your spell library contained the following spells:

 Spells                   Type           Power      Damage    Failure   Level
 Necrotise                Necr           0%         1d4       77%         1
 Shock                    Conj/Air       0%         1d3       77%         1
 Static Discharge         Conj/Air       0%         3-3/arc   88%         2
 Frozen Ramparts          Ice            0%         1d1       98%         3
 Vampiric Draining        Necr           0%         2d6       98%         3
 Airstrike                Air            0%         2d(0-16)  100%        4
 Leda's Liquefaction      Alch/Erth      0%         N/A       100%        4
 Martyr's Knell           Necr/Summ      0%         N/A       100%        4
 Petrify                  Alch/Erth      0%         N/A       100%        4
 Summon Lightning Spire   Summ/Air       0%         N/A       100%        4
 Curse of Agony           Necr           0%         N/A       100%        5
 Metabolic Englaciation   Hex/Ice        0%         N/A       100%        5
 Swiftness                Air            Unusable   N/A       N/A         3

Dungeon Overview and Level Annotations

Branches:
Dungeon (6/15)
 Temple: D:4-7

Altars:
Elyvilon
Makhleb
Trog

Shops:
D:3 :


Innate Abilities, Weirdness & Mutations

You cannot be hasted, slowed, berserked, paralysed or teleported.
You can dig through walls and to a lower floor.
You have a pair of large antennae on your head. (SInv)
Your four strong arms can wield two-handed weapons with a shield.


Message History

Found a stone staircase leading down.
Found 8 stones.
There is a stone staircase leading down here.
You see here 8 stones.
A gargoyle comes into view. It is wielding a +0 flail.
Found a leather armour.
A gargoyle is nearby!
The gargoyle hurls a stone arrow at you.
The stone arrow hits you!!
You hit the gargoyle but do no damage. The gargoyle hits you with a +0 flail!
You sock the gargoyle!
The gargoyle is heavily damaged.
The gargoyle completely misses you.
You hit the gargoyle but do no damage.
The gargoyle is heavily damaged.
The gargoyle hits you with a +0 flail!
You hit the gargoyle but do no damage.
The gargoyle is heavily damaged.
The gargoyle completely misses you.
You hit the gargoyle but do no damage.
The gargoyle is heavily damaged.
The gargoyle hits you with a +0 flail!
* * * LOW HITPOINT WARNING * * *
You closely miss the gargoyle.
The gargoyle is heavily damaged.
The gargoyle hurls a stone arrow at you.
You block the stone arrow.
You hit the gargoyle but do no damage.
The gargoyle is heavily damaged.
The gargoyle hits you with a +0 flail!
* * * LOW HITPOINT WARNING * * *
You barely miss the gargoyle.
The gargoyle is heavily damaged.
The gargoyle hurls a stone arrow at you.
The stone arrow misses you.
You closely miss the gargoyle.
The gargoyle is heavily damaged.
The gargoyle hurls a stone arrow at you.
The stone arrow hits you!
You die...

.##+# .......
.......#
..[....#
.......#######.#
.............
#.....9.#
########
#....@..#
#.......
#.......#
###.......
#.......#
.........
#.......#
#.......
#.#####.#
##...).). #.####
.# #........
#.(..# .+
#......<. ####>#
## ##....####
#.# #.....#


You could see a gargoyle.

Vanquished Creatures
  Sigmund (D:3)
  3 ogres
  3 scorpions
  2 orc priests (D:5)
  4 iguanas
  Terence (D:2)
  An orc wizard (D:5)
  9 gnolls
  4 adders
  3 dart slugs
  3 ribbon worms
  21 orcs
  8 ball pythons
  13 bats
  10 endoplasms
  12 giant cockroaches
  6 goblins
  8 hobgoblins
  3 quokkas
  3 frilled lizards (D:2)
  9 kobolds
  9 rats
136 creatures vanquished.

Notes
Turn   | Place    | Note
-------+----------+-------------------------------------------
     0 | D:1      | Ivernyr the Formicid Fighter began the quest for the Orb.
     0 | D:1      | Reached XP level 1. HP: 18/18 MP: 1/1
    97 | D:1      | Reached XP level 2. HP: 24/24 MP: 2/2
   314 | D:1      | Reached XP level 3. HP: 29/29 MP: 3/3
   575 | D:1      | Found a faded altar of an unknown god.
   787 | D:2      | Noticed Terence
   802 | D:2      | Killed Terence
   803 | D:2      | Reached XP level 4. HP: 15/37 MP: 4/4
  1291 | D:2      | Reached XP level 5. HP: 41/42 MP: 5/5
  1598 | D:3      | Reached skill level 5 in Shields
  1628 | D:3      | Noticed a walking earthen tome
  1630 | D:3      | Found Tolojir's Book Boutique.
  1631 | D:3      | Noticed a walking crystal tome
  1787 | D:3      | Reached XP level 6. HP: 27/49 MP: 6/6
  2014 | D:3      | Noticed Sigmund
  2044 | D:3      | Killed Sigmund
  2319 | D:3      | Reached XP level 7. HP: 55/55 MP: 7/7
  2481 | D:4      | Found a white marble altar of Elyvilon.
  2491 | D:4      | Reached skill level 5 in Fighting
  2491 | D:4      | Reached skill level 5 in Armour
  2491 | D:4      | Reached skill level 6 in Shields
  2888 | D:4      | Found a bloodstained altar of Trog.
  3518 | D:5      | Entered Level 5 of the Dungeon
  3574 | D:5      | Reached XP level 8. HP: 55/63 MP: 8/8
  4168 | D:5      | Reached skill level 7 in Shields
  4394 | D:5      | Found a burning altar of Makhleb.
  4893 | D:5      | Reached skill level 5 in Staves
  5181 | D:6      | Noticed a gargoyle
  5193 | D:6      | Killed from afar by a gargoyle

Illustrated notes

Levels and vault maps discovered:
D:1:      dpeg_arrival_refuge, layout_basic, hellmonk_ecumenical_altar_zigzags,
          hangedman_feature_mirror
D:2:      minmay_roachtagon, layout_rooms, minmay_pentomino_v4, uniq_terence
D:3:      layout_basic, serial_shops, nicolae_shop_mannequins,
          hangedman_decor_points, chequers_serial_rivers_large_b, uniq_sigmund
D:4:      layout_cave_pods, trog_book, mainiacjoe_overflow_boulevard
D:5:      layout_loops_ring, mainiacjoe_overflow_concentric_impassable
D:6:      minmay_bubble_buster, layout_basic, gammafunk_temple_overflow_statue,
          minmay_liquid_box, uniq_menkaure, uniq_eustachio

Skill      XL: |  1  2  3  4  5  6  7  8 |
---------------+-------------------------+-----
Armour         | 4 5 6 |  6.1
Fighting       | 4 5 6 |  6.0
Staves         | 3 4 5 |  5.1
Shields        | 5 6 7 |  7.3

Action                     |  1- 3 |  4- 6 |  7- 9 || total
---------------------------+-------+-------+-------++-------
  Melee: Quarterstaff      |    90 |   147 |   222 ||   459
Ability: Dig               |       |       |     2 ||     2
 Armour: Scale mail        |    70 |   114 |   108 ||   292
  Dodge: Dodged            |    44 |    72 |    62 ||   178
  Block: Buckler           |    22 |    51 |    50 ||   123

Table legend: (Time is in decaauts)
 A = Elapsed time spent in this place.
 B = Non-inter-level travel time spent in this place.
 C = Inter-level travel time spent in this place.
 D = Time resting spent in this place.
 E = Time spent auto-exploring this place.
 F = Levels seen in this place.
 G = Mean time per level.
                   A        B        C        D        E       F      G
               +--------+--------+--------+--------+--------+-----+--------+
         Total |   5285 |   5161 |    124 |   1221 |   2778 |   6 |  880.8 |
       Dungeon |   5285 |   5161 |    124 |   1221 |   2778 |   6 |  880.8 |
               +--------+--------+--------+--------+--------+-----+--------+

Top non-repeatable levels by time:
     D:5: 1632 daAuts
     D:4: 1131 daAuts
     D:3: 904 daAuts
     D:1: 796 daAuts
     D:2: 768 daAuts
     D:6: 52 daAuts
